AoeStats
← K_Nine* ZA

Nomad

504953662Analyzed
4v4 RM · 24d ago on Sep 7, 2026· 47m 9s· 8 players
Game mode
Random Map
Map size
231×231
Population
200
Speed
Normal
Resources
Standard
Victory
Conquest
Starting age
Dark Age
Ending age
Imperial Age
RankedLock teamsTeams togetherTeam positionsShared explorationLock speedFull tech treeHidden civsTurbo modeCheats
Victory
Defeat
🇯🇵 Malay · Japan
980
+14
🇨🇳 Khmer · China
979
+14
🇫🇷 Dravidians · France
958
+15
🇺🇦 Aztecs · Ukraine
957
+15
🇲🇽 Persians · Mexico
1051
-18
🇦🇺 Bohemians · Australia
965
-16
🇿🇦 Huns · South Africa
884
-12
🇲🇽 Spanish · Mexico
863
-34
alabataille
4:41 Loom
12:53 Feudal Age
13:39 Double-Bit Axe
15:37 Wheelbarrow
18:29 Castle Age
17:48 Horse Collar
20:31 Bow Saw
20:55 Scale Mail Armor
21:00 Squires
22:02 Hand Cart
22:03 Fletching
22:23 Pikeman
23:48 Bodkin Arrow
24:27 Crossbowman
25:13 Thumb Ring
25:35 Padded Archer Armor
27:11 Heavy Plow
30:42 Ballistics
33:03 Imperial Age
32:54 Masonry
33:21 Leather Archer Armor
35:20 Chemistry
34:26 Bracer
34:47 Forging
35:29 Arbalester
36:21 Fishing Lines
37:15 Chain Mail Armor
37:35 Iron Casting
37:10 Halberdier
39:20 Wootz Steel
40:29 Conscription
40:28 Gillnets
43:00 Ring Archer Armor
43:01 Plate Mail Armor
43:32 Blast Furnace
44:59 Arson
45:55 Elite Urumi Swordsman
168kcal
3:48 Loom
14:33 Feudal Age
19:47 Castle Age
19:38 Wheelbarrow
19:12 Stone Mining
19:47 Double-Bit Axe
22:53 Fletching
30:22 Fishing Lines
33:03 Bow Saw
33:15 Gillnets
34:02 Forging
35:49 Horse Collar
39:52 Imperial Age
37:52 Husbandry
38:44 Iron Casting
38:18 Scale Barding Armor
39:37 Iron Casting
40:48 Conscription
42:07 Town Watch
43:30 Blast Furnace
45:45 Forced Levy
45:09 Elite Battle Elephant
47:30 Hand Cart
1mmr
4:01 Loom
15:26 Feudal Age
16:00 Double-Bit Axe
23:32 Castle Age
22:37 Town Watch
24:32 Forging
24:23 Scale Mail Armor
26:34 Horse Collar
27:11 Bow Saw
32:41 Stone Mining
33:23 Squires
36:36 Iron Casting
36:18 Chain Mail Armor
40:19 Imperial Age
38:01 Arson
37:37 Eagle Warrior
39:29 Fletching
41:35 Conscription
41:36 Garland Wars
41:07 Arrowslits
41:04 Treadmill Crane
41:52 Heavy Plow
44:00 Conscription
44:02 Garland Wars
45:40 Blast Furnace
45:11 Plate Mail Armor
46:29 Wheelbarrow
電動遊戯
3:27 Loom
17:02 Feudal Age
23:06 Castle Age
21:56 Fishing Lines
22:28 Stone Mining
24:41 Gillnets
24:51 Double-Bit Axe
26:38 Fervor
27:43 Wheelbarrow
27:41 Clinker Construction
27:53 Ballistics
27:43 Fortified Wall
27:57 Bow Saw
27:59 Fletching
33:25 Hand Cart
37:13 Pikeman
44:07 Scale Barding Armor
46:32 Stone Shaft Mining
45:47 Gold Mining
[GDL] DannX
14:09 Feudal Age
17:25 Fishing Lines
21:03 Castle Age
19:43 Stone Mining
21:06 Bloodlines
31:47 Scale Barding Armor
34:04 Husbandry
34:35 Chain Barding Armor
39:26 Wheelbarrow
40:14 Fletching
FaridHD
21:24 Feudal Age
24:23 Man-at-Arms
28:09 Town Watch
28:10 Horse Collar
28:18 Double-Bit Axe
42:11 Loom
43:35 Town Watch
44:44 Bloodlines
47:47 Castle Age
K_Nine* ZA
15:43 Feudal Age
20:12 Castle Age
18:01 Loom
18:52 Wheelbarrow
23:21 Hand Cart
23:52 Double-Bit Axe
24:31 Bloodlines
23:42 Light Cavalry
24:40 Forging
24:36 Scale Barding Armor
25:22 Hand Cart
27:28 Husbandry
32:07 Marauders
36:02 Chain Barding Armor
richnoob575
14:21 Loom
14:37 Loom
17:06 Feudal Age
17:44 Fishing Lines
18:12 Horse Collar
20:12 Fletching
21:10 Double-Bit Axe
25:56 Castle Age
26:58 Bodkin Arrow
26:55 Gillnets
27:16 Medium Warships
27:42 Bow Saw
27:43 Heavy Plow
29:11 Siphons
29:17 Clinker Construction
29:17 Careening
31:38 Ballistics
31:15 Murder Holes
36:25 Imperial Age
39:35 Chemistry
43:26 Hussite Reforms
43:30 Wagenburg Tactics
Connection lost

Rejoining the realm…

Still unreachable

The connection could not be restored.

Session expired

The server has moved on; the page needs a fresh start.